 Dungeon Crawl Stone Soup version 0.18-a0-987-g0b0e4e7 (webtiles) character file.

881 M4edhros the Sneak (level 8, -3/48 HPs)
             Began as an Octopode Artificer on Jan 3, 2016.
             Was a Priest of Okawaru.
             Killed by divine providence
             ... invoked by an orc priest
              (13 damage)
             ... on level 5 of the Dungeon.
             The game lasted 00:09:05 (4262 turns).

M4edhros the Sneak (Octopode Artificer)             Turns: 4262, Time: 00:09:05

Health: -3/48      AC:  3    Str: 11    XL:     8   Next: 5%
Magic:  11/11      EV: 12    Int: 22    God:    Okawaru [***...]
Gold:   268        SH:  8    Dex: 12    Spells: 0 memorised, 10 levels left

rFire  . . .     SeeInvis .     j - +2 short sword (elec)
rCold  . . .     Gourm    .     D - +0 shield
rNeg   + . .     Faith    +     (helmet restricted)
rPois  .         Spirit   .     m - amulet of faith
rElec  .         Dismiss  .     v - +6 ring of intelligence
rCorr  .         Reflect  .     C - ring of positive energy
SustAt .         Harm     .     (no ring)
MR     .....                    (no ring)
Stlth  +++++.....               (no ring)
                                (no ring)
                                (no ring)
                                (no ring)

@: not resistant to hostile enchantments, quite stealthy
A: almost no armour, amphibious, 8 rings, constrict 8, yellow scales 1,
camouflage 1, gelatinous body 1
a: Heroism, Renounce Religion


You were on level 5 of the Dungeon.
You worshipped Okawaru.
Okawaru was most pleased with you.
You were not hungry.

You visited 2 branches of the dungeon, and saw 6 of its levels.
You also visited: Sewer.

You collected 268 gold pieces.

Inventory:

Hand Weapons
 a - a +0 short sword
 j - a +2 short sword of electrocution (weapon)
Missiles
 h - 218 stones (quivered)
 y - 10 sling bullets of flame
Armour
 D - a +0 shield (worn)
Jewellery
 m - an amulet of faith (around mantle)
 v - a +6 ring of intelligence (left tentacle)
 C - a ring of positive energy (right tentacle)
Wands
 b - a wand of flame (6/48)
 c - a wand of enslavement (11/24)
 d - a wand of random effects (6/48)
 H - a wand of paralysis (17/24)
Scrolls
 e - 6 scrolls of identify {unknown}
 g - a scroll of enchant armour {unknown}
 i - 3 scrolls of enchant weapon {unknown}
 k - 2 scrolls of noise {unknown}
 l - a scroll of blinking {unknown}
 s - a scroll of remove curse {unknown}
 x - 2 scrolls of teleportation {unknown}
 E - 2 scrolls of recharging {unknown}
 G - a scroll of fog {unknown}
Potions
 n - 2 potions of degeneration {unknown}
 q - 4 potions of heal wounds {unknown}
 r - a potion of curing {unknown}
 t - 2 potions of flight {unknown}
 u - a potion of invisibility {unknown}
 w - a potion of mutation {unknown}
 z - 2 potions of ambrosia {unknown}
 A - a potion of haste {unknown}
 B - a potion of agility {unknown}
Books
 I - a book of Envenomations

   Spells                             Type                      Level
   a - Spider Form                    Transmutation/Poison         3
   b - Alistair's Intoxication        Transmutation/Poison         4
   c - Olgreb's Toxic Radiance        Poison                       4
   d - Poisonous Cloud                Conjuration/Poison/Air       6
Comestibles
 f - 5 bread rations
 o - 2 meat rations
 p - 8 fruits
 F - a beef jerky


   Skills:
 - Level 1.0 Fighting
 - Level 1.0 Short Blades
 * Level 5.2 Dodging
 * Level 7.6 Stealth
 * Level 2.8 Shields
 + Level 1.7 Spellcasting
 + Level 4.8 Evocations


You had 10 spell levels left.
You didn't know any spells.

Dungeon Overview and Level Annotations

Branches:
Dungeon (5/15)             Temple (1/1) D:4

Altars:
Ashenzari
Cheibriados
Dithmenos
Elyvilon
Fedhas
Gozag
Kikubaaqudgha
Nemelex Xobeh
Okawaru
Pakellas
Sif Muna
Trog
Vehumet
Xom
Zin

Annotations:
D:4 Crazy Yiuf


Innate Abilities, Weirdness & Mutations

You cannot wear most types of armour.
You are amphibious.
You can wear up to eight rings at the same time.
You can use your tentacles to constrict eight enemies at once.
Your skin changes colour to match your surroundings (Stealth).
Your rubbery body absorbs attacks (AC +1).
You are partially covered in yellow scales (AC +2).


Message History

This wand has 13 charges left.
An orc comes into view. It is wielding a flail.
Evoke which item? (* to show all) (? for menu, Esc to quit)
Zapping:
c - a wand of enslavement (13/24)
Press: ? - help, Shift-Dir - straight line, f/p - orc priest
Aim: an orc priest, wielding a short sword and wearing a scale mail (chance to defeat MR: 56%)
The orc priest resists with significant effort.
This wand has 12 charges left.
The orc priest looks braver for a moment. x2
Evoke which item? (* to show all) (? for menu, Esc to quit)
Zapping:
c - a wand of enslavement (12/24)
Press: ? - help, Shift-Dir - straight line, f/p - orc priest
Aim: an orc priest, wielding a short sword and wearing a scale mail (chance to defeat MR: 56%)
The orc priest resists with significant effort.
This wand has 11 charges left.
The orc priest hits you with a short sword.
* * * LOW HITPOINT WARNING * * *
The orc priest mumbles some strange prayers to Beogh against you.
Something smites you!
You die...

## ############.o.
#.......(o..o.. #
#............o. ..
####......(.......
...
#@........(....o..
....
#†.........†......
.....
#oo..##+#######...
.."...#####oo.)##
##
...Z....h.......#
......).........#
o...............#
o............>..#
................+


You could see 2 orc priests and 2 orcs.

Vanquished Creatures
  The ghost of M4edhros the Sneak, a novice OpAr (D:4)
  Purgy (Sewer)
  A black bear (D:5)
  2 phantoms (D:4)
  A hound (D:5)
  An orc priest (D:4)
  A worker ant (D:4)
  3 gnolls (D:2)
  7 adders
  An ooze (D:3)
  3 worms
  2 giant geckos
  5 orcs
  15 bats
  7 giant cockroaches
  5 goblins
  7 hobgoblins
  3 jackals (D:2)
  A quokka (D:2)
  3 ball pythons
  4 giant newts
  11 kobolds
  9 rats
94 creatures vanquished.

Notes
Turn   | Place    | Note
--------------------------------------------------------------
     0 | D:1      | M4edhros the Octopode Artificer began the quest for the Orb.
     0 | D:1      | Reached XP level 1. HP: 13/13 MP: 3/3
    90 | D:1      | Reached XP level 2. HP: 6/18 MP: 4/4
   550 | D:2      | Reached XP level 3. HP: 19/23 MP: 5/5
   799 | D:2      | Reached XP level 4. HP: 15/28 MP: 6/6
   970 | D:4      | Found a staircase to the Ecumenical Temple.
   984 | Temple   | Entered the Ecumenical Temple
   996 | Temple   | Became a worshipper of Xom of Chaos
  1003 | Temple   | Fell from the grace of Xom
  1003 | Temple   | Became a worshipper of Warmaster Okawaru
  1100 | D:4      | Reached skill level 4 in Stealth
  1164 | D:4      | XOM: 6-stop teleportation journey
  1257 | D:4      | Found a glowing drain.
  1264 | Sewer    | Entered a sewer
  1314 | Sewer    | Noticed Purgy
  1329 | Sewer    | Killed Purgy
  1329 | Sewer    | Reached * piety under Okawaru
  1329 | Sewer    | Reached skill level 5 in Stealth
  1329 | Sewer    | Reached XP level 5. HP: 22/33 MP: 6/8
  1558 | D:4      | Noticed M4edhros's ghost (novice OpAr)
  1573 | D:4      | Reached XP level 6. HP: 14/38 MP: 9/9
  1965 | D:2      | XOM: 4-stop teleportation journey
  2303 | D:1      | Reached skill level 6 in Stealth
  2518 | D:1      | XOM: mild Tloc miscast
  2639 | D:1      | XOM: noise
  2948 | D:2      | XOM: medium Pois miscast
  3181 | D:3      | XOM: noise
  3262 | D:3      | XOM: chaos upgrade
  3361 | D:3      | XOM: mild Divn miscast
  3535 | D:3      | XOM: give mutation
  3535 | D:3      | Gained mutation: You are partially covered in yellow scales (AC +2). [Xom's mischief]
  3575 | D:3      | XOM: stat loss: -2 Int (20/22)
  3786 | D:4      | Killed M4edhros's ghost
  3786 | D:4      | Reached ** piety under Okawaru
  3786 | D:4      | Reached skill level 1 in Shields
  3786 | D:4      | Reached skill level 1 in Spellcasting
  3786 | D:4      | Reached XP level 7. HP: 32/43 MP: 10/10
  3822 | D:4      | Noticed Crazy Yiuf
  3939 | D:4      | Reached *** piety under Okawaru
  3939 | D:4      | Reached skill level 7 in Stealth
  3957 | D:4      | Reached skill level 5 in Dodging
  4063 | D:4      | XOM: mild Trmt miscast
  4147 | D:5      | Entered Level 5 of the Dungeon
  4202 | D:5      | Reached XP level 8. HP: 17/48 MP: 11/11
  4262 | D:5      | Killed from afar by an orc priest

Vault maps used:
D:1:      dpeg_arrival_arbitrary_a, columned_hall_lemuel
D:2:      first_bread
D:4:      minmay_temple_entry_large_hall, lightli_sewer_entry_pipes,
          uniq_crazy_yiuf_cottage
D:5:      kennysheep_mini_moat, uniq_menkaure
Temple:   lightli_temple_of_artemis
Sewer:    kennysheep_door_sewer

Action                   |  1- 3 |  4- 6 |  7- 9 || total
-------------------------+-------+-------+-------++-------
Melee: Short sword       |    55 |   121 |    26 ||   202
Evoke: Wand              |     4 |    10 |     8 ||    22
 Stab: Sleeping          |     5 |    21 |     3 ||    29
       Paralysed         |     1 |       |       ||     1
  Eat: Chunk             |       |     7 |       ||     7
       Meat ration       |       |       |     1 ||     1
